 Dungeon Crawl Stone Soup version 0.28.0-53-g5a82cb258f (webtiles) character file.

Game seed: 8969843686275093135

210 Duralumin the Chopper (level 6, -8/42 (48) HPs)
             Began as a Formicid Fighter on June 13, 2022.
             Mangled by a wight
             ... wielding a +3 halberd
              (13 damage)
             ... on level 4 of the Dungeon.
             The game lasted 00:12:38 (4046 turns).

Duralumin the Chopper (Formicid Fighter)            Turns: 4046, Time: 00:12:39

HP:   -8/42 (48)    AC: 10    Str: 22    XL:     6   Next: 12%
MP:   0/6           EV:  7    Int:  8    God:
Gold: 127           SH:  4    Dex: 10    Spells: 5/5 levels left

rFire   . . .      SeeInvis +   a - +1 war axe
rCold   . . .      Faith    .   c - +0 buckler
rNeg    . . .      Spirit   +   o - +0 chain mail
rPois   .          Reflect  .   (helmet unavailable)
rElec   .          Harm     .   n - +0 cloak
rCorr   .          Rampage  .   (no gloves)
Will    +....                   (no boots)
Stlth   ..........              r - amulet of guardian spirit
HPRegen 0.14/turn               u - ring of willpower
MPRegen 0.10/turn               (no ring)

@: attractive, heavily drained
A: permanent stasis, dig shafts and tunnels, antennae 3, four strong arms,
deterioration 1
a: Dig, Shaft Self


You were on level 4 of the Dungeon.
You visited 1 branch of the dungeon, and saw 4 of its levels.

You collected 127 gold pieces.

Inventory:

Hand Weapons
 a - a +1 war axe (weapon)
 d - a +0 triple sword
Missiles
 h - 19 bolts
 j - 52 stones
 m - 4 atropa-tipped darts (quivered)
Armour
 b - a +0 scale mail
 c - a +0 buckler (worn)
 i - a scarf of invisibility
 n - a +0 cloak (worn)
 o - a +0 chain mail (worn)
Jewellery
 r - an amulet of guardian spirit (around neck)
 u - a ring of willpower (left hand)
 w - an amulet of magic regeneration
Wands
 x - a wand of paralysis (6)
Scrolls
 f - 3 scrolls of torment
 g - 2 scrolls of enchant weapon
 k - 2 scrolls of magic mapping
Potions
 l - 3 potions of magic
 p - a potion of attraction
 s - a potion of heal wounds {unknown}
 t - a potion of berserk rage {unknown}


   Skills:
 - Level 4.0 Fighting
 + Level 4.7 Axes
 - Level 4.0 Armour
 - Level 4.3 Shields


You had 5 spell levels left.
You didn't know any spells.
Your spell library was empty.

Dungeon Overview and Level Annotations

Branches:
Dungeon (4/15)             Temple (0/1) D:4

Altars:
Fedhas
Gozag
Vehumet
Wu Jian
The Shining One

Annotations:
D:2 Sigmund


Innate Abilities, Weirdness & Mutations

You cannot be hasted, slowed, berserked, paralysed or teleported.
You can dig through walls and to a lower floor.
You have a pair of large antennae on your head. (SInv)
Your four strong arms can wield two-handed weapons with a shield.
Your body sometimes deteriorates upon taking damage.


Message History

You hit the wight.
The wight is almost destroyed.
The wight hits you with a +5 war axe.
The wight hits you from afar with a +3 halberd!
You feel drained.
* * * LOW HITPOINT WARNING * * *
Press: ? - help, v - describe, . - travel
Here: a wight, wielding a +5 war axe and wearing a +0 robe (almost destroyed)
The floor, spattered with blood.
Unknown command.
Unknown command.
Unknown command.
It was a potion of mutation.
You feel extremely strange.
You feel yourself wasting away. The wight hits you with a +5 war axe.
* * * LOW HITPOINT WARNING * * *
You feel drained.
The wight hits you from afar with a +3 halberd.
* * * LOW HITPOINT WARNING * * *
Okay, then.
Okay, then.
Unknown command.
Unknown command.
Unknown command.
Unknown command.
Unknown command.
Unknown command.
Unknown command.
Unknown command.
Unknown command.
Unknown command.
Okay, then.
Unknown command.
The wight is attracted toward you. x3
The wight is attracted toward you. x3
Things that are here:
a +0 dagger; a goblin corpse The wight barely misses you.
The wight is attracted toward you. x3
The wight hits you from afar with a +3 halberd!
You die...

** ,* ,** ,,*
################ ,,*
#.zzzzzz.@....[# ,,*
#.############.# *,*****#.#
#<#
,....z..z#****#######>######
##
*####.#...,,,,.............#
#⌠
****#,##.##***#######.####.#
#### *,,,*{*#.# #.# #)# #...
,,,,,,*#.# #.# #.# #.##
,,,,,,*#.# #.####.# #.#⌠


You could see 3 wights.

Vanquished Creatures
  A hound (D:4)
  Jessica (D:2)
  Terence (D:2)
  4 gnolls (D:3)
  An adder (D:3)
  3 worms (D:2)
  A dart slug (D:2)
  4 orcs (D:3)
  5 endoplasms
  7 giant cockroaches
  8 goblins
  5 hobgoblins
  4 kobolds
  2 quokkas
  6 ball pythons
  6 bats
  4 frilled lizards
  5 rats
68 creatures vanquished.

Notes
Turn   | Place    | Note
-------+----------+-------------------------------------------
     0 | D:1      | Duralumin the Formicid Fighter began the quest for the Orb.
     0 | D:1      | Reached XP level 1. HP: 18/18 MP: 1/1
   285 | D:1      | Reached XP level 2. HP: 24/24 MP: 2/2
   509 | D:1      | Reached XP level 3. HP: 29/29 MP: 3/3
   587 | D:1      | You fall into a shaft and drop 1 floor!
   638 | D:2      | Found a blossoming altar of Fedhas.
   686 | D:2      | Noticed Sigmund
  2182 | D:2      | Noticed Jessica
  2187 | D:2      | Killed Jessica
  2188 | D:2      | Reached XP level 4. HP: 33/37 MP: 4/4
  2583 | D:2      | Noticed Terence
  2608 | D:2      | Killed Terence
  2609 | D:2      | Reached XP level 5. HP: 34/42 MP: 5/5
  2812 | D:3      | Found a glowing golden altar of the Shining One.
  2876 | D:3      | Found an ornate altar of the Wu Jian Council.
  2985 | D:3      | Found an opulent altar of Gozag.
  3816 | D:4      | Found a radiant altar of Vehumet.
  3826 | D:4      | Reached XP level 6. HP: 39/48 MP: 6/6
  4041 | D:4      | Gained mutation: Your body sometimes deteriorates upon
                  | taking damage. [potion of mutation]
  4046 | D:4      | Mangled by a wight

Illustrated notes

Levels and vault maps discovered:
D:1:      dpeg_arrival_court, layout_basic, minmay_hexomino_p4
D:2:      layout_rooms, basic_altar, uniq_jessica, uniq_sigmund, uniq_terence
D:3:      layout_basic, mainiacjoe_overflow_catwalk_spiral, tso_altar
D:4:      layout_loops_ring, mainiacjoe_overflow_brackets,
          mainiacjoe_overflow_alcove_2, minmay_temple_entry_grid,
          uniq_blork_the_orc, uniq_menkaure, uniq_pikel, uniq_duvessa, uniq_ijyb

Skill      XL: |  1  2  3  4  5 |
---------------+----------------+-----
Shields        | 4 |  4.3
Fighting       | 4 |  4.0
Armour         | 4 |  4.0
Axes           | 3 4 |  4.7

Action                   |  1- 3 |  4- 6 || total
-------------------------+-------+-------++-------
Melee: War axe           |   114 |   109 ||   223
Throw: Dart              |       |     2 ||     2
 Abil: Dig               |     1 |       ||     1
  Use: Scroll            |     3 |     4 ||     7
       Potion            |     2 |     3 ||     5
Armor: Scale mail        |    42 |    14 ||    56
       Chain mail        |       |    22 ||    22
Dodge: Dodged            |    56 |    38 ||    94
Block: Buckler           |    26 |    31 ||    57
